 Seeded DCSS version 0.30.1-3-gfc49f6343a (webtiles) character file.

Game seed: 4840754667676823100 (custom seed)

53 CInkIbrahim the Poker (level 4, 31/31 HPs)
             Began as a Formicid Fighter on July 25, 2023.
             Quit the game on level 2 of the Dungeon.
             The game lasted 00:00:48 (1359 turns).

CInkIbrahim the Poker (Formicid Fighter)            Turns: 1359, Time: 00:00:49

Health: 31/31      AC: 10    Str: 23    XL:     4   Next: 11%
Magic:  4/4        EV:  9    Int:  7    God:
Gold:   72         SH:  5    Dex: 13    Spells: 3/3 levels left

rFire   . . .        a - +0 trident
rCold   . . .        c - +0 buckler
rNeg    . . .        b - +0 scale mail
rPois   .            (helmet unavailable)
rElec   .            (no cloak)
rCorr   .            (no gloves)
SInv    +            (no boots)
Will    .....        (no amulet) Stlth
                     o - +4 ring of protection
HPRegen 0.25/turn    (no ring)
MPRegen 0.09/turn

%: no passive effects
@: no status effects
A: permanent stasis, dig shafts and tunnels, antennae 3, four strong arms,
talons 1, frail 1, inability to read after injury 1
a: Dig, Shaft Self


You were on level 2 of the Dungeon.
You visited 1 branch of the dungeon, and saw 2 of its levels.

You collected 72 gold pieces.

Inventory:

Hand Weapons
 a - a +0 trident (weapon)
Armour
 b - a +0 scale mail (worn)
 c - a +0 buckler (worn)
Jewellery
 o - a +4 ring of protection (left hand)
 r - a ring of fire
Scrolls
 f - 4 scrolls of identify {unknown}
 g - a scroll of amnesia {unknown}
 i - a scroll of torment {unknown}
 j - a scroll of fog {unknown}
 k - 3 scrolls of fear {unknown}
 n - 2 scrolls of acquirement {unknown}
 q - a scroll of blinking {unknown}
 s - a scroll of enchant armour {unknown}
Potions
 d - a potion of might
 e - a potion of curing {unknown}
 h - 2 potions of degeneration {unknown}
 m - a potion of flight {unknown}
 p - 2 potions of heal wounds {unknown}


   Skills:
 - Level 3.2 Fighting
 + Level 4.1 Polearms
 - Level 3.2 Armour
 - Level 4.0 Shields


You had 3 spell levels left.
You didn't know any spells.
Your spell library contained the following spells:

 Spells                   Type           Power      Damage    Failure   Level
 Necrotise                Necr           0%         1d4       80%         1
 Lesser Beckoning         Tloc           0%         N/A       91%         2
 Momentum Strike          Conj/Tloc      0%         3d8       91%         2
 Vampiric Draining        Necr           0%         2d6       99%         3
 Agony                    Necr           0%         N/A       100%        5
 Blink                    Tloc           Unusable   N/A       N/A         2

Dungeon Overview and Level Annotations

Branches:
Dungeon (2/15)

Altars:


Innate Abilities, Weirdness & Mutations

You cannot be hasted, slowed, berserked, paralysed or teleported.
You can dig through walls and to a lower floor.
You have a pair of large antennae on your head. (SInv)
Your four strong arms can wield two-handed weapons with a shield.
You have sharp toenails.
You are frail. (-10% HP)
You occasionally lose the ability to read scrolls when taking damage.


Message History

There is an open door here.
You see here 5 stones.
You now have 72 gold pieces (gained 12).
You see here 5 stones.
You open the door.
There is an open door here.
Done exploring.
No target in view!
Done exploring.
No target in view!
Done exploring.
No target in view!
Done exploring.
No target in view!
Done exploring.
No target in view!
Done exploring.
No target in view!
Done exploring.
No target in view!
Done exploring.
No target in view!
Done exploring.
No target in view!
Done exploring.
No target in view!
Done exploring.
No target in view!
Done exploring.
No target in view!
Done exploring.
No target in view!
Okay, then.
o - a +4 ring of protection (left hand) Unknown command.
Okay, then.
It was a potion of mutation.
You feel extremely strange.
Your toenails lengthen and sharpen.
You feel frail.
You occasionally lose the ability to read scrolls when taking damage.
Are you sure you want to abandon this character and quit the game? (Confirm with "yes".)

#....# #.##...##..
#....####.#.)...#..
#......##.#.....#..
####(..##.#.....###
#...##.#....<...
###...##.#.<..###[
#.'...'..'....'...
#.#...#.##....####
#@#...#.##....#
#.#...#.##########
#.#####.#>........
#.# #.#.########
#.# #......[....
#.#######.#######.
#.........### ##
########....## #
#.##..### #


There were no monsters in sight!

Vanquished Creatures
  A gnoll (D:1)
  A worm (D:2)
  2 dart slugs
  3 ball pythons
  An endoplasm (D:2)
  4 goblins
  3 hobgoblins (D:1)
  4 kobolds (D:1)
  5 quokkas
  4 bats
  4 frilled lizards
  3 rats (D:1)
35 creatures vanquished.

Notes
Turn   | Place    | Note
-------+----------+-------------------------------------------
     0 | D:1      | CInkIbrahim the Formicid Fighter began the quest for the
                  | Orb.
     0 | D:1      | Reached XP level 1. HP: 18/18 MP: 1/1
   155 | D:1      | Reached XP level 2. HP: 24/24 MP: 2/2
   327 | D:1      | Reached XP level 3. HP: 27/29 MP: 3/3
  1069 | D:2      | Reached XP level 4. HP: 25/35 MP: 4/4
  1358 | D:2      | Gained mutation: You have sharp toenails. [potion of
                  | mutation]
  1358 | D:2      | Gained mutation: You are frail. (-10% HP) [potion of
                  | mutation]
  1358 | D:2      | Gained mutation: You occasionally lose the ability to read
                  | scrolls when taking damage. [potion of mutation]
  1359 | D:2      | Quit the game

Illustrated notes

Levels and vault maps discovered:
D:1:      tarquinn_simple_flora_water_f, layout_basic
D:2:      layout_basic

Skill      XL: |  1  2  3 |
---------------+----------+-----
Polearms       | 3 4 |  4.1
Fighting       | |  3.2
Armour         | |  3.2
Shields        | |  4.0

Action                     |  1- 3 |  4- 6 || total
---------------------------+-------+-------++-------
  Melee: Trident           |    72 |    10 ||    82
    Use: Potion            |       |     1 ||     1
 Armour: Scale mail        |    15 |     5 ||    20
  Dodge: Dodged            |    10 |     5 ||    15
  Block: Buckler           |    21 |     3 ||    24
